 Dungeon Crawl Stone Soup version 0.25-a0-578-gc91f01c39c (webtiles) character file.

Game seed: 1613618369391098741, levelgen mode: classic

410 EnegeticOcto the Chopper (level 6, 0/58 HPs)
             Began as a Deep Dwarf Fighter on Mar 4, 2020.
             Slain by a wyvern (9 damage)
             ... on level 4 of the Dungeon.
             The game lasted 00:01:18 (803 turns).

EnegeticOcto the Chopper (Deep Dwarf Fighter)        Turns: 803, Time: 00:01:19

Health: 0/58       AC:  8    Str: 22    XL:     6   Next: 58%
Magic:  4/4        EV:  7    Int:  8    God:
Gold:   102        SH: 10    Dex: 12    Spells: 5/5 levels left

rFire    . . .     SeeInvis .   a - +0 war axe
rCold    . . .     Gourm    .   c - +0 kite shield
rNeg     . . .     Faith    .   b - +0 scale mail
rPois    .         Spirit   .   (no helmet)
rElec    .         Reflect  .   (no cloak)
rCorr    .         Harm     .   (no gloves)
MR       .....     Clarity  +   (no boots)
Stlth    ..........             (no amulet)
HPRegen  0.00/turn              (no ring)
MPRegen  0.09/turn              (no ring)

@: non-regenerating
A: damage resistance, heal wounds, hooves 1, clarity, sense surroundings 1,
shaggy fur 1, no regeneration
a: Heal Wounds


You were on level 4 of the Dungeon.
You were not hungry.

You visited 2 branches of the dungeon, and saw 5 of its levels.

You collected 150 gold pieces.
You spent 48 gold pieces at shops.

Inventory:

Hand Weapons
 a - a +0 war axe (weapon)
Armour
 b - a +0 scale mail (worn)
 c - a +0 kite shield (worn)
Wands
 m - a wand of flame (20)
Scrolls
 f - 3 scrolls of teleportation {unknown}
 h - a scroll of blinking {unknown}
 i - a scroll of fear {unknown}
 l - a scroll of magic mapping {unknown}
Potions
 g - a potion of curing {unknown}
 k - a potion of might {@q3}
Comestibles
 d - 8 chunks of flesh
 e - 5 rations


   Skills:
 * Level 4.5 Fighting
 * Level 4.9 Axes
 + Level 4.4 Armour
 + Level 4.3 Shields


You had 5 spell levels left.
You didn't know any spells.
Your spell library was empty.

Dungeon Overview and Level Annotations

Branches:
Dungeon (4/15)             Temple (1/1) D:4

Altars:
Ashenzari
Dithmenos
Fedhas
Kikubaaqudgha
Qazlal
Sif Muna
Vehumet
Yredelemnul
Zin
Lugonu

Shops:
D:4 *


Innate Abilities, Weirdness & Mutations

You are resistant to damage.
You can heal yourself by infusing magical energy.
You passively map a small area around you.
You do not regenerate.
You have large cloven feet.
You possess an exceptional clarity of mind.
You are covered in fur. (AC +1)


Message History

No target in view!
No target in view!
No target in view!
No target in view!
No target in view!
No target in view!
No target in view!
m - a wand of flame (20)
Things that are here:
a +0 dagger; a +0 robe
Things that are here:
a +0 short sword; a +0 chain mail; the elf corpse of Duvessa You butcher the elf corpse of Duvessa.
d - 10 chunks of flesh (gained 3)
Things that are here:
a +0 short sword; a +0 chain mail; the elf skeleton of Duvessa
Things that are here:
a +0 short sword; a +0 chain mail; the elf skeleton of Duvessa You now have 130 gold pieces (gained 4).
Some of the chunks of flesh in your inventory have rotted away.
You hear the hiss of an avalanche of sand nearby.
There is an entrance to Goript's Assorted Antiques here.
n - a scroll labeled YSOYCI GUIZEAB
n - 2 scrolls labeled YSOYCI GUIZEAB (gained 1) Thank you for shopping at Goript's Assorted Antiques!
You can access your shopping list by pressing '$'.
As you read the scroll labeled YSOYCI GUIZEAB, it crumbles to dust.
It is a scroll of identify.
g - a potion of brilliance
Okay, then.
Unknown command.
Drop what? 14/52 slots (_ for help) (? for menu, Esc to quit)
You drop a potion of brilliance.
As you read the scroll of identify {@r1}, it crumbles to dust.
j - a potion of mutation Really quaff the potion of mutation?
You feel extremely strange. Fur sprouts all over your body.
Your feet thicken and deform.
Your thoughts seem clearer.
g - a glowing coppery potion
Found 18 stones and a metal-bound book.
You now have 93 gold pieces (gained 11).
Some of the chunks of flesh in your inventory have rotted away.
You now have 102 gold pieces (gained 9).
Found a long sword.
A leopard gecko and a wyvern come into view.
The leopard gecko hisses angrily.
The wyvern hisses angrily.
The wyvern moves out of view.
Found a ring mail.
A leopard gecko is nearby!
You block the leopard gecko's attack.
The leopard gecko bites you but does no damage.
You closely miss the leopard gecko. Your kick misses the leopard gecko.
The leopard gecko bites you but does no damage.
You completely miss the leopard gecko. Your kick misses the leopard gecko.
The leopard gecko barely misses you.
A worm comes into view.
The leopard gecko hisses menacingly.
The leopard gecko bites you but does no damage.
You closely miss the leopard gecko. You kick the leopard gecko.
The leopard gecko is severely wounded.
The leopard gecko bites you but does no damage.
You slash the leopard gecko!
You kill the leopard gecko!
You hit the worm. The worm barely misses you. The wyvern closely misses you.
You slash the worm! You kick the worm.
The worm is severely wounded.
You hit the wyvern. The wyvern bites you. You block the wyvern's attack.
You slash the worm!
You kill the worm!
You closely miss the wyvern. The wyvern barely misses you.
The wyvern bites you.
Your shield and scale mail prevent you from hitting the wyvern.
The wyvern is lightly wounded.
The wyvern bites you!
You hit the wyvern. Your kick misses the wyvern.
The wyvern is moderately wounded.
The wyvern bites you! The wyvern closely misses you.
You slash the wyvern! You kick the wyvern, but do no damage.
The wyvern is heavily wounded.
The wyvern bites you. The wyvern bites you!
You hit the wyvern.
The wyvern is severely wounded.
The wyvern barely misses you. The wyvern bites you!
You are too injured to fight recklessly!
You are too injured to fight recklessly!
You are too injured to fight recklessly!
You are too injured to fight recklessly!
You are too injured to fight recklessly!
You are too injured to fight recklessly!
You are too injured to fight recklessly!
You are too injured to fight recklessly!
You are too injured to fight recklessly!
You are too injured to fight recklessly!
You fail to use your ability.
You hear the brisk hiss of a distant avalanche of sand.
The wyvern bites you!
* * * LOW HITPOINT WARNING * * *
The wyvern bites you!
You die...

...............#
........##.....##
.........##.....#
##........#....##
##............##
*#####
............(.:###....
* ..#.......#.....#..#
.###.....#.....#..#,,
* ..# ............@##
, ..#
...........†#l#,*, ..#
.........).###[# ...#
,.....#.?#.*,#.# ....
....##..#. *#..
....... .* #.# .... *
#.. #.. , * .#* , * **
*


You could see a wyvern.

Vanquished Creatures
  Duvessa (D:4)
  Dowan (D:4)
  A hound (D:4)
  3 orc wizards (D:4)
  A bullfrog skeleton (D:4)
  3 gnolls (D:3)
  2 adders (D:3)
  2 oozes
  2 worms (D:4)
  2 dart slugs (D:1)
  2 leopard geckos
  2 orcs
  3 bats
  2 giant cockroaches (D:1)
  2 goblins
  2 hobgoblins (D:1)
  3 jackals (D:4)
  2 quokkas (D:4)
  A ball python (D:1)
  2 frilled lizards
  8 kobolds
  A rat (D:1)
48 creatures vanquished.

Notes
Turn   | Place    | Note
-------+----------+-------------------------------------------
     0 | D:1      | EnegeticOcto the Deep Dwarf Fighter began the quest for the
                  | Orb.
     0 | D:1      | Reached XP level 1. HP: 20/20 MP: 1/1
   125 | D:1      | Reached XP level 2. HP: 27/27 MP: 2/2
   279 | D:3      | Reached XP level 3. HP: 32/34 MP: 3/3
   301 | D:3      | Reached XP level 4. HP: 19/42 MP: 4/4
   417 | D:4      | Found a staircase to the Ecumenical Temple.
   430 | Temple   | Entered the Ecumenical Temple
   601 | D:4      | Reached XP level 5. HP: 20/50 MP: 5/5
   711 | D:4      | Noticed Duvessa
   711 | D:4      | Noticed Dowan
   714 | D:4      | Found Goript's Assorted Antiques.
   722 | D:4      | Killed Dowan
   722 | D:4      | Reached XP level 6. HP: 26/57 MP: 6/6
   739 | D:4      | Killed Duvessa
   759 | D:4      | Bought a scroll labeled YSOYCI GUIZEAB for 24 gold pieces
   759 | D:4      | Bought a scroll labeled YSOYCI GUIZEAB for 24 gold pieces
   762 | D:4      | Gained mutation: You are covered in fur. (AC +1) [potion of
                  | mutation]
   762 | D:4      | Gained mutation: You have large cloven feet. [potion of
                  | mutation]
   762 | D:4      | Gained mutation: You possess an exceptional clarity of
                  | mind. [potion of mutation]
   790 | D:4      | Noticed a wyvern
   803 | D:4      | Slain by a wyvern

Levels and vault maps discovered:
D:1:      lemuel_arrival_room, layout_rooms, minmay_unequal
D:2:      layout_basic, regret_index_temple_of_mockery, tso_altar,
          lemuel_crystal_altar, lemuel_round_altar, uniq_terence, uniq_robin
D:3:      layout_rooms, first_ration
D:4:      layout_cave_pools, minmay_temple_entry_ruins, enter_ossuary_1,
          serial_shops, shop, minmay_manual_mail, uniq_duvessa
Temple:   kb_corrupted_temple

Skill      XL: |  1  2  3  4  5 |
---------------+----------------+-----
Fighting       | 3 4 |  4.5
Axes           | 3 4 |  4.9
Armour         | 4 |  4.4
Shields        | 4 |  4.3

Action                   |  1- 3 |  4- 6 || total
-------------------------+-------+-------++-------
Melee: War axe           |    83 |   102 ||   185
       Kick              |       |     3 ||     3
 Abil: Heal Wounds       |       |     7 ||     7
  Use: Scroll            |       |     2 ||     2
       Potion            |       |     1 ||     1
Armor: Scale mail        |    64 |    45 ||   109
Dodge: Dodged            |    49 |    37 ||    86
Block: Kite shield       |    61 |    54 ||   115

Table legend:
 A = Non-vault XP
 B = Vault XP
 C = Vault XP percentage of total XP
 D = Non-vault monster count
 E = Vault monster count
 F = Vault count percentage of total count
                 A         B        C        D         E       F
            +---------+---------+-------+---------+---------+-------
      Total |     358 |     228 |  38.9 |      42 |       6 |  12.5
            +---------+---------+-------+---------+---------+-------
        D:1 |      26 |       4 |  13.3 |      13 |       2 |  13.3
        D:2 |       9 |       0 |   0.0 |       2 |       0 |   0.0
        D:3 |      97 |       0 |   0.0 |      14 |       0 |   0.0
        D:4 |     226 |     224 |  49.8 |      13 |       4 |  23.5
            +---------+---------+-------+---------+---------+-------
